 Dungeon Crawl Stone Soup version 0.30.1-1-g62c8e00024 (webtiles) character file.

Game seed: 4204645328894537826

72 boopmooplesden the Twirler (level 4, -1/34 HPs)
             Began as a Demonspawn Gladiator on July 16, 2023.
             Succumbed to a kobold brigand's poison
             ... on level 3 of the Dungeon.
             The game lasted 00:02:29 (2361 turns).

boopmooplesden the Twirler (Demonspawn Gladiator)   Turns: 2361, Time: 00:02:30

Health: -1/34      AC:  6    Str: 22    XL:     4   Next: 7%
Magic:  4/4        EV: 11    Int: 10    God:
Gold:   176        SH:  0    Dex: 14    Spells: 3/3 levels left

rFire   . . .        a - +1 quarterstaff (flame)
rCold   . . .        (shield currently unavailable)
rNeg    . . .        s - +0 scale mail
rPois   .            (helmet restricted)
rElec   .            (no cloak)
rCorr   .            (no gloves)
SInv    .            (no boots)
Will    .....        (no amulet) Stlth
                     k - +6 ring of strength
HPRegen 0.25/turn    (no ring)
MPRegen 0.09/turn

%: no passive effects
@: lethally poisoned (-1 -> -26)
A: claws 1, horns 1, powered by death 1
a: no special abilities


You were on level 3 of the Dungeon.
You visited 1 branch of the dungeon, and saw 3 of its levels.

You collected 176 gold pieces.

Inventory:

Hand Weapons
 a - a +1 quarterstaff of flaming (weapon)
Missiles
 d - a throwing net (quivered)
 e - a javelin
Armour
 c - a +0 helmet
 s - a +0 scale mail (worn)
Jewellery
 k - a +6 ring of strength (left claw)
Wands
 p - a wand of iceblast (5)
Scrolls
 h - 2 scrolls of identify
 j - a scroll of teleportation {unknown}
 m - a scroll of magic mapping
Potions
 b - a potion of lignification {unknown}
 f - a potion of berserk rage {unknown}
 g - a potion of resistance
 i - a potion of curing {unknown}
 l - a potion of flight {unknown}
 r - a potion of heal wounds {unknown}


   Skills:
 + Level 2.3 Fighting
 + Level 3.5 Staves
 + Level 1.9 Throwing
 + Level 1.3 Armour
 + Level 3.1 Dodging


You had 3 spell levels left.
You didn't know any spells.
Your spell library contained the following spells:

 Spells                   Type           Power      Damage    Failure   Level
 Sandblast                Erth           0%         2d4       71%         1
 Lesser Beckoning         Tloc           0%         N/A       83%         2
 Passwall                 Tmut/Erth      0%         N/A       83%         2
 Gell's Gravitas          Tloc           0%         N/A       97%         3
 Stone Arrow              Conj/Erth      0%         3d7       97%         3
 Teleport Other           Tloc           0%         N/A       97%         3


Dungeon Overview and Level Annotations

Branches:
Dungeon (3/15)

Altars:


Innate Abilities, Weirdness & Mutations

You have sharp fingernails.
You have a pair of small horns on your head.
You regenerate a little health from kills.


Message History

You kill the kobold!
A kobold comes into view. It is wielding a +0 dagger.
A hobgoblin comes into view. It is wielding a +0 club.
The kobold barely misses you.
Things that are here:
a +0 club; a kobold corpse You closely miss the kobold.
The kobold hits you but does no damage. The kobold barely misses you.
You closely miss the kobold. The kobold closely misses you.
You hit the kobold. You burn the kobold.
You kill the kobold!
You sock the kobold! You burn the kobold.
You kill the kobold!
The kobold brigand hits you but does no damage.
You thump the kobold! You burn the kobold.
You kill the kobold!
The kobold brigand hits you with a +1 dagger of venom!
You are poisoned.
The hobgoblin hits you with a +0 club.
The kobold brigand hits you with a +1 dagger of venom.
You thump the kobold brigand! You burn the kobold brigand.
The kobold brigand is moderately wounded.
You feel very sick. The hobgoblin barely misses you.
The kobold brigand hits you with a +1 dagger of venom.
You are lethally poisoned!
You hit the kobold brigand but do no damage.
The kobold brigand is moderately wounded.
* * * LOW HITPOINT WARNING * * *
You feel very sick.
The kobold brigand hits you with a +1 dagger of venom.
* * * LOW HITPOINT WARNING * * *
You are more poisoned.
The hobgoblin closely misses you.
Throw: 2 throwing nets
Press: ? - help, Q - select action, (/) - cycle Shift-Dir - straight line, f - hobgoblin
Aim: a hobgoblin, wielding a +0 club (59% to hit)
You throw a throwing net. The throwing net hits the hobgoblin.
The hobgoblin is caught in the net!
You die...

.#.. ### ...#.#
####~~ .... ~~~~~ ...
## ~~≈≈ ..##... . #≈≈
####...#
....#####)...#.#
#....g@)))..#.#
###..K..###.#.#
#######...#.###
#........#
##........#
##.........#
###..........+
#...#....(...#
##.######†##.########


You could see a kobold brigand and a hobgoblin (caught).

Vanquished Creatures
  An adder (D:2)
  2 worms (D:2)
  A dart slug (D:3)
  3 endoplasms
  2 giant cockroaches
  4 goblins
  4 hobgoblins
  4 jackals (D:3)
  12 kobolds
  5 quokkas
  8 ball pythons
  2 frilled lizards
  5 rats
53 creatures vanquished.

Notes
Turn   | Place    | Note
-------+----------+-------------------------------------------
     0 | D:1      | boopmooplesden the Demonspawn Gladiator began the quest for
                  | the Orb.
     0 | D:1      | Reached XP level 1. HP: 16/16 MP: 1/1
   219 | D:1      | Discovered your monstrous ancestry.
   219 | D:1      | Gained mutation: You have a pair of small horns on your
                  | head. [demonic ancestry]
   219 | D:1      | Reached XP level 2. HP: 18/22 MP: 2/2
   254 | D:1      | Found a faded altar of an unknown god.
  1024 | D:2      | Gained mutation: You regenerate a little health from kills.
                  | [demonic ancestry]
  1024 | D:2      | Reached XP level 3. HP: 26/27 MP: 3/3
  1476 | D:2      | Reached skill level 1 in Armour
  2347 | D:3      | Gained mutation: You have sharp fingernails. [demonic
                  | ancestry]
  2347 | D:3      | Reached XP level 4. HP: 32/34 MP: 4/4
  2351 | D:3      | Noticed a kobold brigand
  2361 | D:3      | Succumbed to a kobold brigand's poison

Illustrated notes

Levels and vault maps discovered:
D:1:      minmay_arrival_four_circles, layout_loops_ring,
          basic_ecumenical_altar, kennysheep_minor_cross, hex_medium
D:2:      layout_basic
D:3:      cheibrodos_thug_alley, layout_basic, lemuel_crystal_altar,
          serial_shops, shop_statue, corexii_shack, kennysheep_generic_room_7

Skill      XL: |  1  2  3 |
---------------+----------+-----
Staves         | 3 |  3.5
Dodging        | 3 |  3.1
Armour         | 1 |  1.3
Fighting       | |  2.3
Throwing       | |  1.9

Action                     |  1- 3 |  4- 6 || total
---------------------------+-------+-------++-------
  Melee: Quarterstaff      |   121 |    12 ||   133
         Headbutt          |    15 |       ||    15
  Throw: Throwing net      |     1 |     1 ||     2
    Use: Scroll            |     9 |       ||     9
   Stab: Held in net/web   |     1 |       ||     1
 Armour: Leather armour    |    20 |       ||    20
         Scale mail        |    12 |     2 ||    14
  Dodge: Dodged            |    91 |     7 ||    98
